 Dungeon Crawl Stone Soup version 0.29.1-15-g9cfb28693d (webtiles) character file.

Game seed: 9649370830170747498

88 protoss039 the Digger (level 4, -10/33 HPs)
             Began as a Demonspawn Earth Elementalist on Mar 13, 2023.
             Mangled by Sigmund
             ... wielding a +1 scythe of venom
              (11 damage)
             ... on level 2 of the Dungeon.
             The game lasted 00:01:43 (2147 turns).

protoss039 the Digger (DsEE)                        Turns: 2147, Time: 00:01:44

Health: -10/33     AC:  6    Str:  8    XL:     4   Next: 29%
Magic:  8/8        EV:  5    Int: 18    God:
Gold:   86         SH: 11    Dex: 14    Spells: 5/8 levels left

rFire   . . .      SeeInvis .   a - staff of air
rCold   . . .      Faith    .   i - +0 tower shield
rNeg    . . .      Spirit   .   d - +0 ring mail
rPois   .          Reflect  .   (no helmet)
rElec   +          Harm     .   f - +0 cloak
rCorr   .          Rampage  .   (no gloves)
Will    .....                   (no boots)
Stlth   +.........              (no amulet)
HPRegen 0.11/turn               (no ring)
MPRegen 0.11/turn               (no ring)

@: lethally poisoned (-10 -> -25)
A: hooves 2, spiny 1
a: no special abilities


You were on level 2 of the Dungeon.
You visited 1 branch of the dungeon, and saw 2 of its levels.

You collected 86 gold pieces.

Inventory:

Armour
 d - a +0 ring mail (worn)
 f - a +0 cloak (worn)
 i - a +0 tower shield (worn)
Magical Staves
 a - a staff of air (weapon)
Scrolls
 g - 2 scrolls of immolation {unknown}
 h - 2 scrolls of identify
 l - a scroll of blinking {unknown}
Potions
 b - 3 potions of cancellation {unknown}
 c - a potion of flight
 e - a potion of heal wounds {unknown}
 j - a potion of lignification {unknown}
 k - a potion of degeneration {unknown}


   Skills:
 + Level 2.0 Fighting
 + Level 0.2 Armour
 - Level 1.7 Dodging
 - Level 1.7 Stealth
 * Level 0.5 Shields
 + Level 2.9 Spellcasting
 - Level 0.8 Transmutations
 + Level 3.3 Earth Magic


You had 5 spell levels left.
You knew the following spells:

 Your Spells              Type           Power      Damage    Failure   Level
a - Sandblast             Erth           28%        2d8       92%         1
b - Passwall              Tmut/Erth      8%         N/A       99%         2

Your spell library contained the following spells:

 Spells                   Type           Power      Damage    Failure   Level
 Stone Arrow              Conj/Erth      16%        3d8       100%        3
 Petrify                  Tmut/Erth      10%        N/A       100%        4


Dungeon Overview and Level Annotations

Branches:
Dungeon (2/15) Zot: 9815

Altars:

Annotations:
D:2 Sigmund


Innate Abilities, Weirdness & Mutations

You have hoof-like feet.
You are partially covered in sharp spines.


Message History

Sigmund mumbles some strange words.
Sigmund flickers and vanishes!
Deactivating autopickup; reactivate with Ctrl-A.
There is a strange disturbance nearby!
No target in view!
There is a strange disturbance nearby!
No target in view!
There is a strange disturbance nearby!
Something hits you but does no damage.
You are poisoned.
Unknown command.
You feel sick. Something hits you.
Unknown command.
You closely miss something. Your kick misses something.
You feel very sick.
You hear some strange, mumbled words.
You are confused.
Unknown command.
You miss something. Your kick misses something.
You feel sick. Something hits you.
You are more poisoned.
Unknown command.
You hit something but do no damage.
You feel very sick. Something hits you!
You are lethally poisoned!
Unknown command.
You bump into the rock wall.
* * * LOW HITPOINT WARNING * * *
You feel very sick. Something hits you.
* * * LOW HITPOINT WARNING * * *
You are more poisoned.
Unknown command.
You bump into the rock wall.
You feel less confused.
* * * LOW HITPOINT WARNING * * *
You feel very sick. Something hits you!
You die...

##.####
#.# #.#
#.## ###
#..# ..#
##.# #.#
#.# #{#
#.# #@#
#.# #.#
#.# #.#
#.# #.#
#.#
#.#####.#
#.......#
#########


There were no monsters in sight!

Vanquished Creatures
  A gnoll (D:2)
  2 adders (D:2)
  A dart slug (D:2)
  2 ball pythons (D:1)
  5 endoplasms
  6 giant cockroaches
  3 goblins (D:1)
  2 hobgoblins (D:1)
  13 jackals (D:1)
  2 quokkas (D:1)
  3 bats (D:1)
  3 frilled lizards (D:1)
  3 kobolds
  4 rats
50 creatures vanquished.

Notes
Turn   | Place    | Note
-------+----------+-------------------------------------------
     0 | D:1      | protoss039 the Demonspawn Earth Elementalist began the
                  | quest for the Orb.
     0 | D:1      | Reached XP level 1. HP: 13/13 MP: 3/3
   423 | D:1      | Gained mutation: You are partially covered in sharp spines.
                  | [demonic ancestry]
   423 | D:1      | Reached XP level 2. HP: 20/20 MP: 3/5
   435 | D:1      | Reached skill level 1 in Fighting
   531 | D:1      | Reached skill level 3 in Earth Magic
   856 | D:1      | Gained mutation: You have large cloven feet. [demonic
                  | ancestry]
   856 | D:1      | Reached XP level 3. HP: 26/26 MP: 6/6
  1646 | D:1      | Learned a level 2 spell: Passwall
  1781 | D:2      | Gained mutation: You have hoof-like feet. [demonic
                  | ancestry]
  1781 | D:2      | Reached XP level 4. HP: 26/33 MP: 8/8
  2138 | D:2      | Noticed Sigmund
  2147 | D:2      | HP: 1/33 [poisoned by Sigmund]
  2147 | D:2      | Mangled by Sigmund

Illustrated notes

Levels and vault maps discovered:
D:1:      minmay_arrival_open_corners, layout_loops_corners,
          minmay_misc_feat_alley, minmay_worlds_worst_comb
D:2:      layout_loops_ring, basic_altar, minmay_unequal, uniq_terence,
          uniq_crazy_yiuf_cottage, uniq_sigmund

Skill      XL: |  1  2  3  4 |
---------------+-------------+-----
Fighting       | 1 2 |  2.0
Earth Magic    | 3 |  3.3
Armour         | |  0.2
Dodging        | |  1.7
Stealth        | |  1.7
Shields        | |  0.5
Spellcasting   | |  2.9
Transmutations | |  0.8

Action                   |  1- 3 |  4- 6 || total
-------------------------+-------+-------++-------
Melee: Unarmed           |    22 |       ||    22
       Short sword       |    22 |       ||    22
       Punch             |     2 |       ||     2
       Staff             |    55 |    12 ||    67
       Kick              |    18 |     3 ||    21
 Cast: Sandblast         |    12 |       ||    12
  Use: Scroll            |     2 |       ||     2
       Potion            |     1 |       ||     1
 Stab: Sleeping          |     2 |       ||     2
Armor: Robe              |     7 |       ||     7
       Ring mail         |    43 |     2 ||    45
Dodge: Dodged            |    58 |     1 ||    59
Block: Tower shield      |    16 |     6 ||    22
